 Dungeon Crawl Stone Soup version 0.26-a0-708-g17f3b19 (webtiles) character file.

Game seed: 17715490902557865062

141 BarneyGumball the Charlatan (level 5, 0/37 HPs)
             Began as a Demonspawn Artificer on Oct 28, 2020.
             Killed from afar by a goblin (9 damage)
             ... with a puff of flame
             ... on level 2 of the Dungeon.
             The game lasted 00:02:45 (1595 turns).

BarneyGumball the Charlatan (Demonspawn Artificer)  Turns: 1595, Time: 00:02:46

Health: 0/37       AC:  3    Str: 14    XL:     5   Next: 3%
Magic:  5/5        EV: 11    Int: 12    God:
Gold:   88         SH:  0    Dex: 13    Spells: 4/4 levels left

rFire    . . .     SeeInvis .   a - +0 club
rCold    . . .     Faith    .   (no shield)
rNeg     . . .     Spirit   .   b - +0 leather armour
rPois    .         Reflect  .   (no helmet)
rElec    .         Harm     .   (no cloak)
rCorr    .         Rampage  .   (no gloves)
MR       .....                  (boots unavailable)
Stlth    +.........             (no amulet)
HPRegen  0.12/turn              (no ring)
MPRegen  0.09/turn              (no ring)

@: slowed, very slow
A: hooves 3
a: no special abilities


You were on level 2 of the Dungeon.
You visited 1 branch of the dungeon, and saw 2 of its levels.

You collected 88 gold pieces.

Inventory:

Hand Weapons
 a - a +0 club (weapon)
Armour
 b - a +0 leather armour (worn)
Jewellery
 k - a cursed ring of teleportation {unknown}
Wands
 c - a wand of flame (1)
 d - a wand of enslavement (14)
 e - a wand of random effects (15)
Scrolls
 f - a scroll of enchant armour {unknown}
 i - a scroll of identify {unknown}
 m - a scroll of teleportation {unknown}
Potions
 g - a potion of berserk rage {unknown}
 h - a potion of stabbing {unknown}
 j - a potion of haste {unknown}
 l - a potion of mutation {unknown}


   Skills:
 - Level 1.5 Fighting
 * Level 2.6 Maces & Flails
 - Level 2.1 Armour
 - Level 1.3 Dodging
 - Level 1.4 Stealth
 + Level 3.9 Evocations


You had 4 spell levels left.
You didn't know any spells.
Your spell library was empty.

Dungeon Overview and Level Annotations

Branches:
Dungeon (2/15)

Altars:


Innate Abilities, Weirdness & Mutations

You have hooves in place of feet.


Message History

The puff of flame hits Natasha.
Natasha is almost dead.
Natasha claws you but does no damage.
Evoke which item? (* to show all) (? for menu, Esc to quit)
Aiming: Throw Flame
Press: ? - help, Shift-Dir - straight line, f/p - Natasha
Aim: Natasha (almost dead)
The puff of flame hits Natasha!
You kill Natasha!
Natasha screams in pain as she dies!
You have reached level 5!
Your demonic ancestry asserts itself...
Your feet have mutated into hooves.
The goblin zaps a wand.
The puff of flame misses you.
The goblin shoots a stone.
The stone hits you.
* * * LOW HITPOINT WARNING * * *
The goblin shoots a stone.
The stone hits you but does no damage.
You see here 2 stones.
The goblin zaps a wand.
The puff of flame hits you!
You die...

.# # ##.. . #? ....# #
#.# #. #.# #.###) #.#
##...####.# ##########
#...g.(##.######.........
#.#(##..@......<...######
#.#####.######.#.#
#.#####.# #.#.# ..##....#
#.#.# ..!#....# #(#.#
g..##....# #.#.#
..##.#.#.# #.#.#
..##......# #.#.#
##.....### #รท#.######


You could see a goblin.

Vanquished Creatures
  A jelly (D:2)
  Natasha (twice) (D:2)
  2 adders (D:2)
  An ooze (D:2)
  5 dart slugs (D:1)
  A leopard gecko (D:1)
  A giant cockroach (D:1)
  2 goblins (D:1)
  3 hobgoblins (D:1)
  3 kobolds
  4 bats (D:1)
  2 frilled lizards
  3 rats (D:1)
30 creatures vanquished.

Notes
Turn   | Place    | Note
-------+----------+-------------------------------------------
     0 | D:1      | BarneyGumball the Demonspawn Artificer began the quest for
                  | the Orb.
     0 | D:1      | Reached XP level 1. HP: 15/15 MP: 1/1
    81 | D:1      | Reached skill level 1 in Dodging
    81 | D:1      | Reached skill level 1 in Stealth
   140 | D:1      | Gained mutation: You have large cloven feet. [demonic
                  | ancestry]
   140 | D:1      | Reached XP level 2. HP: 21/21 MP: 2/2
   826 | D:1      | Gained mutation: You have hoof-like feet. [demonic
                  | ancestry]
   826 | D:1      | Reached XP level 3. HP: 22/26 MP: 3/3
  1070 | D:2      | Noticed Natasha
  1079 | D:2      | Killed Natasha
  1079 | D:2      | Reached skill level 1 in Maces & Flails
  1079 | D:2      | Reached XP level 4. HP: 11/32 MP: 4/4
  1582 | D:2      | Noticed Natasha
  1592 | D:2      | Killed Natasha
  1592 | D:2      | Gained mutation: You have hooves in place of feet. [demonic
                  | ancestry]
  1592 | D:2      | Reached XP level 5. HP: 10/37 MP: 5/5
  1595 | D:2      | Killed from afar by a goblin

Illustrated notes

Levels and vault maps discovered:
D:1:      minmay_arrival_widening_spiral_wide, layout_loops_ring,
          minmay_misc_feat_alley
D:2:      layout_loops_ring, nicolae_ashenzari_panopticon, uniq_natasha

Skill      XL: |  1  2  3  4 |
---------------+-------------+-----
Dodging        | 1 |  1.3
Stealth        | 1 |  1.4
Armour         | 2 |  2.1
Maces & Flails | 1 2 |  2.6
Fighting       | |  1.5
Evocations     | |  3.9

Action                   |  1- 3 |  4- 6 || total
-------------------------+-------+-------++-------
Melee: Club              |    84 |    15 ||    99
       Kick              |    14 |     3 ||    17
Evoke: Wand              |     5 |    10 ||    15
Armor: Leather armour    |    31 |     7 ||    38
Dodge: Dodged            |    71 |    13 ||    84

Table legend: (Time is in decaauts)
 A = Elapsed time spent in this place.
 B = Non-inter-level travel time spent in this place.
 C = Inter-level travel time spent in this place.
 D = Time resting spent in this place.
 E = Time spent auto-exploring this place.
 F = Levels seen in this place.
 G = Mean time per level.
                   A        B        C        D        E       F      G
               +--------+--------+--------+--------+--------+-----+--------+
         Total |   1634 |   1632 |      2 |     23 |   1365 |   2 |  817.0 |
       Dungeon |   1634 |   1632 |      2 |     23 |   1365 |   2 |  817.0 |
               +--------+--------+--------+--------+--------+-----+--------+

Top non-repeatable levels by time:
     D:1: 1042 daAuts
     D:2: 591 daAuts
